 Dungeon Crawl Stone Soup version 0.18.1-50-g88ac8fd (webtiles) character file.

381 Holeefuk the Shield-Bearer (level 7, -1/52 HPs)
             Began as a Formicid Fighter on Sept 30, 2016.
             Slain by an orc
             ... wielding a +0 mace
              (6 damage)
             ... on level 4 of the Dungeon.
             The game lasted 00:10:10 (3000 turns).

Holeefuk the Shield-Bearer (Formicid Fighter)       Turns: 3000, Time: 00:10:10

Health: -1/52      AC:  9    Str: 20    XL:     7   Next: 5%
Magic:  7/7        EV:  8    Int:  8    God:
Gold:   198        SH: 10    Dex: 12    Spells: 0 memorised, 6 levels left

rFire  . . .     SeeInvis +     a - +0 long sword
rCold  . . .     Gourm    .     b - +0 scale mail
rNeg   . . .     Faith    .     c - +0 shield
rPois  .         Spirit   .     (helmet unavailable)
rElec  .         Dismiss  .     p - +1 cloak
rCorr  .         Reflect  .     (no gloves)
SustAt .         Harm     .     (no boots)
MR     .....                    (no amulet)
Stlth  ..........               (no ring)
                                l - ring of wizardry

@: not resistant to hostile enchantments, extremely unstealthy
A: permanent stasis, dig shafts and tunnels, four strong arms, antennae 3
a: Dig, Shaft Self


You were on level 4 of the Dungeon.
You were hungry.

You visited 1 branch of the dungeon, and saw 4 of its levels.

You collected 198 gold pieces.

Inventory:

Hand Weapons
 a - a +0 long sword (weapon)
Armour
 b - a +0 scale mail (worn)
 c - a +0 shield (worn)
 p - a +1 cloak (worn)
Jewellery
 l - a ring of wizardry (left hand)
 t - an uncursed ring of protection from cold {unknown}
Scrolls
 g - 4 scrolls of identify {unknown}
 i - a scroll of random uselessness {unknown}
 j - a scroll of enchant weapon {unknown}
 k - 3 scrolls of teleportation {unknown}
 n - a scroll of remove curse {unknown}
Potions
 d - a potion of might
 h - a potion of heal wounds {unknown}
 q - a potion of degeneration {unknown}
 s - a potion of cure mutation {unknown}
Comestibles
 f - 4 bread rations
 m - 2 meat rations
 o - 2 slices of pizza
 r - 3 fruits
 u - a chunk of flesh


   Skills:
 - Level 3.2 Fighting
 - Level 5.2 Long Blades
 + Level 4.2 Armour
 - Level 5.8 Shields


You had 6 spell levels left.
You didn't know any spells.

Dungeon Overview and Level Annotations

Branches:
Dungeon (4/15)
 Temple: D:4-7

Altars:
Fedhas
Zin

Shops:
D:2 *

Annotations:
D:4 Natasha


Innate Abilities, Weirdness & Mutations

You are under a permanent stasis effect.
You can dig through walls and to a lower floor.
Your four strong arms can wield two-handed weapons with a shield.
You have a pair of large antennae on your head (SInv).


Message History

The dart slug launches a dart at you. The slug dart misses you.
You slash the orc!
You kill the orc!
You block the orc's attack.
You closely miss the orc. The orc misses you.
The orc wizard points at you and mumbles some strange words.
The puff of flame hits you!
* * * LOW HITPOINT WARNING * * *
The dart slug launches a dart at you. You block the slug dart.
You extend your mandibles.
You dig through the rock wall.
You dig through the rock wall.
You are feeling hungry.
Drink which item? (? for menu, Esc to quit)
It was a potion of berserk rage.
You cannot go berserk while under stasis.
The orc hits you with a mace.
You die...

#.................#
##.#...##.#.###.##.#
....>o...........#.#
#.....†.........#
#......#.########
#.#.##.#.#
#.....).o#
.....#.##{#{###
....#.#......#@# ..#
# #######o## . ###


You could see an orc.

Vanquished Creatures
  Sigmund (D:3)
  Jessica (D:2)
  Natasha (D:2)
  An orc wizard (D:4)
  4 gnolls (D:3)
  3 adders
  2 oozes
  A dart slug (D:1)
  4 orcs
  7 bats
  2 giant cockroaches (D:2)
  9 goblins
  11 hobgoblins
  2 jackals (D:2)
  8 kobolds
  4 quokkas
  A ball python (D:3)
  8 giant newts
  9 rats
79 creatures vanquished.

Notes
Turn   | Place    | Note
--------------------------------------------------------------
     0 | D:1      | Holeefuk the Formicid Fighter began the quest for the Orb.
     0 | D:1      | Reached XP level 1. HP: 18/18 MP: 1/1
     6 | D:1      | Noticed a black mamba
     6 | D:1      | Noticed a black bear
     6 | D:1      | Noticed a crocodile
     6 | D:1      | Noticed a redback
     6 | D:1      | Noticed a wolf
    98 | D:1      | Reached XP level 2. HP: 24/24 MP: 2/2
   335 | D:1      | Reached XP level 3. HP: 29/29 MP: 3/3
   946 | D:2      | Noticed Sigmund
   983 | D:2      | Noticed Natasha
   989 | D:2      | Killed Natasha
   989 | D:2      | Reached XP level 4. HP: 4/35 MP: 4/4
  1424 | D:2      | Found Zin's Purification Station.
  1425 | D:2      | Found a glowing silver altar of Zin.
  1475 | D:2      | Found a blossoming altar of Fedhas.
  1646 | D:2      | Noticed Jessica
  1650 | D:2      | Killed Jessica
  1650 | D:2      | Reached skill level 5 in Long Blades
  1650 | D:2      | Reached XP level 5. HP: 21/41 MP: 5/5
  2118 | D:4      | Noticed Natasha
  2133 | D:3      | Killed Sigmund
  2133 | D:3      | Reached skill level 5 in Shields
  2133 | D:3      | Reached XP level 6. HP: 24/47 MP: 6/6
  2993 | D:4      | Reached XP level 7. HP: 11/52 MP: 7/7
  3000 | D:4      | Slain by an orc

Skill      XL: |  1  2  3  4  5  6 |
---------------+-------------------+-----
Long Blades    | 3 4 5 |  5.2
Shields        | 5 |  5.8
Armour         | 4 |  4.2
Fighting       | |  3.2

Action                   |  1- 3 |  4- 6 |  7- 9 || total
-------------------------+-------+-------+-------++-------
Melee: Long sword        |   105 |   207 |     3 ||   315
 Abil: Dig               |       |     2 |     1 ||     3
  Use: Potion            |       |       |     1 ||     1
  Eat: Chunk             |       |     7 |       ||     7
Armor: Scale mail        |    48 |    96 |       ||   144
Dodge: Dodged            |    34 |    65 |     2 ||   101
Block: Shield            |    53 |   105 |     2 ||   160
